 Dungeon Crawl Stone Soup version 0.28-a0-1429-gf3d713df7a (webtiles) character file.

Game seed: 3941449333348229788

4328 sizableburger the Skirmisher (level 10, -1/63 HPs)
             Began as a Deep Elf Hedge Wizard on Jan 8, 2022.
             Was a Believer of Trog.
             Slain by an orc knight (19 damage)
             ... in a bailey.
             The game lasted 00:29:10 (8811 turns).

sizableburger the Skirmisher (DEWz)                 Turns: 8811, Time: 00:29:10

Health: -1/63      AC: 11    Str: 11    XL:     10   Next: 12%
Magic:  18/18      EV:  6    Int: 20    God:    Trog [**....]
Gold:   250        SH:  0    Dex: 14    Spells: 14/17 levels left

rFire   . . .      SeeInvis .   n - +1 quarterstaff (spect)
rCold   . . .      Faith    .   (shield currently unavailable)
rNeg    . . .      Spirit   .   x - +0 chain mail
rPois   .          Reflect  .   m - +0 helmet
rElec   .          Harm     .   (no cloak)
rCorr   .          Rampage  .   (no gloves)
Will    +++..                   b - +0 pair of boots
Stlth   ..........              v - amulet of regeneration
HPRegen 2.00/turn               (no ring)
MPRegen 0.16/turn               (no ring)

@: about to teleport, strong-willed, on berserk cooldown, regenerating, slowed,
invisible, very slow
A: no striking features
a: Renounce Religion, Berserk, Trog's Hand


You were in a bailey.
You worshipped Trog.
Trog was pleased with you.
You visited 1 branch of the dungeon, and saw 7 of its levels.
You also visited: Bailey.

You collected 250 gold pieces.

Inventory:

Hand Weapons
 n - a +1 spectral quarterstaff (weapon)
 E - a +0 shortbow
Missiles
 c - 13 poisoned darts (quivered)
 g - 5 atropa-tipped darts
 r - 4 boomerangs
 F - 37 arrows
Armour
 b - a +0 pair of boots (worn)
 m - a +0 helmet (worn)
 o - a +1 robe of fire resistance
 p - a +0 ring mail
 x - a +0 chain mail (worn)
 A - a +0 troll leather armour
Jewellery
 v - an amulet of regeneration (around neck)
 G - a ring of willpower
Wands
 f - a wand of flame (11)
 t - a wand of iceblast (11)
 u - a wand of digging (7)
Scrolls
 d - 2 scrolls of vulnerability
 w - a scroll of noise
 B - a scroll of fear {unknown}
 D - 4 scrolls of fog
 I - a scroll of summoning {unknown}
 J - a scroll of acquirement {unknown}
Potions
 a - 2 potions of mutation {unknown}
 e - a potion of brilliance
 h - 2 potions of degeneration
 i - 3 potions of curing
 k - a potion of ambrosia {unknown}
 l - a potion of attraction {unknown}
 q - a potion of resistance {unknown}
 s - a potion of berserk rage
 z - 2 potions of heal wounds {unknown}
 C - 2 potions of might {unknown}


   Skills:
 + Level 7.1 Fighting
 - Level 1.2 Short Blades
 - Level 6.6 Staves
 + Level 6.2 Bows
 - Level 3.8 Throwing
 + Level 3.8 Armour
 - Level 4.3 Dodging
 - Level 2.4 Stealth
 - Level 4.4 Spellcasting
 - Level 1.1 Conjurations
 - Level 1.3 Summonings
 - Level 1.1 Translocations
 - Level 4.7 Evocations


You had 14 spell levels left.
You knew the following spells:

 Your Spells              Type           Power      Damage    Failure   Level
a - Magic Dart            Conj           32%        1d4       98%         1
b - Call Imp              Summ           9%         N/A       99%         2

Your spell library contained the following spells:

 Spells                   Type           Power      Damage    Failure   Level
 Slow                     Hex            16%        N/A       99%         1
 Blink                    Tloc           16%        N/A       99%         2
 Conjure Flame            Conj/Fire      6%         6-21      100%        3
 Mephitic Cloud           Conj/Pois/Air  5%         N/A       100%        3


Dungeon Overview and Level Annotations

Branches:
Dungeon (7/15)             Temple (0/1) D:7          Bailey (1/1)

Altars:
Fedhas
Kikubaaqudgha
Sif Muna
Trog
Vehumet
Wu Jian
Zin


Message History

The orc warlord hits you but does no damage.
The orc warlord hits your +1 spectral quarterstaff with a +0 war axe!
Your spectral weapon shares its damage with you!
Unknown command.
You thump the orc warlord!
The orc warlord is heavily wounded.
The orc warlord blocks your +1 spectral quarterstaff's attack.
Unknown command.
You sock the orc warlord!
The orc warlord is heavily wounded.
Your +1 spectral quarterstaff hits the orc warlord.
The orc warlord barely misses your +1 spectral quarterstaff.
The orc warlord hits you with a +0 war axe.
The orc warrior hits you with a +0 battleaxe!!
* * * LOW HITPOINT WARNING * * *
A hobgoblin comes into view. It is wielding a +0 hand axe.
You feel a strong urge to attack something.
You feel your anger nearly subside.
You are no longer berserk.
You are exhausted.
You feel yourself slow down.
Blink to where?
Press: ? - help, Dir - move target, p - orc warlord
As you read the scroll of blinking, it crumbles to dust.
As you read the scroll of teleportation, it crumbles to dust.
You feel strangely unstable.
The hobgoblin hits you but does no damage.
The orc warrior hits you with a +0 battleaxe!!
* * * LOW HITPOINT WARNING * * *
There is an open door here.
You fade into invisibility!
Your surroundings suddenly seem different.
A goblin, an orc warrior and an orc knight come into view.
Found 3 gold pieces, a hand axe and a lightning rod (4/4).
The orc warrior shouts!
The orc knight shouts!
Okay, then.
As you read the scroll of teleportation, it crumbles to dust.
You feel strangely unstable.
The goblin shouts!
The orc warrior shouts!
The orc knight shouts!
The orc knight hits you with a +0 war axe!!
You die...

#...........#...........#
#......))...#...........#
###[).....).###.........###
###.#)#.....###.###.....#'#.###
###...)[###.###...(.###.###.....#
#......)).###}........###........
...........#...g......##8........
...........#....o.....(#8........
.....⌠.....#....@......')....⌠...
...))......#...........#8........
...........#.$..o.....##8........
#.........###)........###........
###...))###.###.....###.###o....#
###.#)#.....###.###.....#'#.###
###)[.......###.......)g###
#...........#.........o.#
#...........#........o..#


You could see an orc knight, an orc warrior and a goblin (wandering).

Vanquished Creatures
  2 orc knights (Bailey)
  2 trolls
  Sigmund (D:2)
  2 water moccasins
  8 orc warriors
  2 ice beasts (D:6)
  A black bear (D:5)
  2 ogres
  A centaur (D:6)
  2 necrophages
  A phantom (D:4)
  2 scorpions
  A water moccasin zombie (D:6)
  A howler monkey (D:5)
  A bullfrog zombie (D:6)
  2 orc priests
  2 jellies (D:5)
  Jessica (D:2)
  A bullfrog skeleton (D:7)
  5 iguanas
  10 orc wizards
  2 hound skeletons
  9 gnolls
  5 adders
  A shadow imp (D:5)
  A white imp (D:6)
  A worm (D:4)
  3 dart slugs
  28 orcs
  7 ball pythons
  7 bats
  7 endoplasms
  5 giant cockroaches
  10 hobgoblins
  2 jackals (D:1)
  3 quokkas
  12 goblins
  7 kobolds
  6 rats
166 creatures vanquished.

Notes
Turn   | Place    | Note
-------+----------+-------------------------------------------
     0 | D:1      | sizableburger the Deep Elf Hedge Wizard began the quest for
                  | the Orb.
     0 | D:1      | Reached XP level 1. HP: 10/10 MP: 7/7
   847 | D:2      | Noticed Jessica
   869 | D:2      | Reached XP level 2. HP: 16/16 MP: 5/9
   917 | D:1      | Learned a level 2 spell: Call Imp
  1034 | D:1      | Reached skill level 1 in Short Blades
  1129 | D:1      | Found a faded altar of an unknown god.
  1154 | D:1      | Prayed at the altar of an unknown god.
  1154 | D:1      | Became a worshipper of Trog the Wrathful
  1154 | D:1      | Reached * piety under Trog
  2164 | D:1      | Reached skill level 1 in Fighting
  2268 | D:2      | Reached XP level 3. HP: 20/20 MP: 10/10
  2354 | D:2      | Found a glowing silver altar of Zin.
  2380 | D:2      | Killed Jessica
  2381 | D:2      | Reached skill level 1 in Staves
  2566 | D:2      | Noticed Sigmund
  2712 | D:2      | Reached XP level 4. HP: 25/25 MP: 12/12
  2842 | D:3      | Noticed an ogre
  2854 | D:3      | Killed an ogre
  2855 | D:3      | Reached skill level 2 in Fighting
  2855 | D:3      | Reached XP level 5. HP: 4/30 MP: 13/13
  3889 | D:4      | Found an ancient bone altar of Kikubaaqudgha.
  3928 | D:4      | Reached skill level 1 in Throwing
  3937 | D:4      | Reached XP level 6. HP: 27/36 MP: 14/14
  4006 | D:4      | Found a shimmering blue altar of Sif Muna.
  4031 | D:4      | Found a radiant altar of Vehumet.
  4253 | D:4      | Found a blossoming altar of Fedhas.
  4902 | D:3      | Reached skill level 3 in Fighting
  5122 | D:4      | Reached skill level 1 in Evocations
  5429 | D:4      | Reached XP level 7. HP: 32/41 MP: 15/15
  5429 | D:4      | Reached ** piety under Trog
  5847 | D:5      | Entered Level 5 of the Dungeon
  6073 | D:5      | Reached skill level 4 in Fighting
  6255 | D:5      | Reached XP level 8. HP: 48/48 MP: 16/16
  6258 | D:5      | Reached skill level 5 in Staves
  6939 | D:6      | Reached skill level 5 in Fighting
  6989 | D:6      | Noticed a troll
  6993 | D:6      | Killed a troll
  7181 | D:6      | Found an ornate altar of the Wu Jian Council.
  7204 | D:6      | Reached XP level 9. HP: 54/54 MP: 17/17
  7532 | D:2      | Killed Sigmund
  7533 | D:2      | Reached skill level 1 in Bows
  8026 | D:7      | Reached skill level 1 in Armour
  8042 | D:7      | Noticed a troll
  8048 | D:7      | Killed a troll
  8049 | D:7      | Reached skill level 6 in Fighting
  8078 | D:7      | Found a flagged portal.
  8106 | Bailey   | Entered a bailey
  8324 | Bailey   | Reached *** piety under Trog
  8380 | Bailey   | Noticed an orc knight
  8404 | Bailey   | Killed an orc knight
  8405 | Bailey   | Reached skill level 5 in Bows
  8626 | Bailey   | Noticed an orc knight
  8649 | Bailey   | Killed an orc knight
  8650 | Bailey   | Reached skill level 7 in Fighting
  8650 | Bailey   | Reached XP level 10. HP: 63/63 MP: 18/18
  8780 | Bailey   | Noticed an orc warlord
  8810 | Bailey   | Noticed an orc knight
  8811 | Bailey   | Slain by an orc knight

Illustrated notes

Levels and vault maps discovered:
D:1:      dpeg_arrival_stone_temple_mockup, layout_loops_ring,
          shapermc_ecumenical_altar_notcrosses
D:2:      cheibrodos_old_hovel, layout_basic, basic_altar, uniq_jessica,
          uniq_sigmund
D:3:      layout_loops_cross, minmay_misc_feat_rows
D:4:      layout_basic, palyth_temple_overflow_mages,
          mainiacjoe_overflow_catwalk, minmay_fractal_squares_diagonal_5
D:5:      layout_rooms, grunt_decor_one_mirror, corexii_shack
D:6:      layout_basic, mainiacjoe_overflow_alcove_1, kennysheep_little_box,
          uniq_grinder
D:7:      layout_loops_ring, zin_academy, minmay_temple_entry_slanted,
          enter_bailey_6
Bailey:   bailey_axe_minmay_hex_keep, bailey

Skill      XL: |  1  2  3  4  5  6  7  8  9 |
---------------+----------------------------+-----
Short Blades   | 1 |  1.2
Dodging        | 3 4 |  4.3
Fighting       | 1 2 3 4 5 7 |  7.1
Staves         | 1 2 3 4 6 |  6.6
Throwing       | 1 3 |  3.8
Evocations     | 1 3 4 |  4.7
Bows           | 6 |  6.2
Armour         | 3 |  3.8
Stealth        | |  2.4
Spellcasting   | |  4.4
Conjurations   | |  1.1
Summonings     | |  1.3
Translocations | |  1.1

Action                   |  1- 3 |  4- 6 |  7- 9 | 10-12 || total
-------------------------+-------+-------+-------+-------++-------
Melee: Dagger            |    33 |       |       |       ||    33
       Short sword       |    12 |       |       |       ||    12
       Quarterstaff      |    12 |    95 |   188 |    10 ||   305
 Fire: Shortbow          |       |       |     5 |     5 ||    10
Throw: Boomerang         |       |    10 |       |       ||    10
       Dart              |       |     7 |    50 |     2 ||    59
 Cast: Magic Dart        |    39 |       |       |       ||    39
Invok: Berserk           |     1 |     7 |     6 |     1 ||    15
       Trog's Hand       |       |       |     2 |     1 ||     3
Evoke: Wand              |       |     3 |    15 |     4 ||    22
  Use: Scroll            |       |    10 |     2 |     4 ||    16
       Potion            |       |     2 |       |     1 ||     3
 Stab: Sleeping          |     2 |     2 |       |       ||     4
       Distracted        |       |       |     3 |       ||     3
Armor: Robe              |    11 |       |       |       ||    11
       Ring mail         |       |    35 |    14 |       ||    49
       Troll leather arm |       |       |    12 |       ||    12
       Chain mail        |       |       |     4 |     5 ||     9
Dodge: Dodged            |    51 |    58 |    88 |     1 ||   198

Table legend: (Time is in decaauts)
 A = Elapsed time spent in this place.
 B = Non-inter-level travel time spent in this place.
 C = Inter-level travel time spent in this place.
 D = Time resting spent in this place.
 E = Time spent auto-exploring this place.
 F = Levels seen in this place.
 G = Mean time per level.
                   A        B        C        D        E       F      G
               +--------+--------+--------+--------+--------+-----+--------+
         Total |   8970 |   8280 |    690 |   2364 |   3777 |   8 | 1121.2 |
       Dungeon |   8258 |   7568 |    690 |   2150 |   3661 |   7 | 1179.7 |
        Bailey |    712 |    712 |      0 |    213 |    116 |   1 |  712.0 |
               +--------+--------+--------+--------+--------+-----+--------+

Top non-repeatable levels by time:
     D:4: 1755 daAuts
     D:2: 1698 daAuts
     D:1: 1669 daAuts
     D:3: 1357 daAuts
     D:5: 1091 daAuts
  Bailey: 712 daAuts
     D:6: 581 daAuts
     D:7: 103 daAuts
